 Dungeon Crawl Stone Soup version 0.24-a0-536-gdd4cf15266 (webtiles) character file.

Game seed: 18310215602247104284

103793 Peloso the Peltast (level 15, 0/138 HPs)
             Began as a Minotaur Fighter on Aug 11, 2019.
             Was the Champion of Okawaru.
             Slain by a faun
             ... wielding a +0 spear
             ... led by a satyr
              (9 damage)
             ... on level 3 of the Shoals.
             The game lasted 01:50:26 (41095 turns).

Peloso the Peltast (Minotaur Fighter)              Turns: 41095, Time: 01:50:28

Health: 0/138      AC: 32    Str: 24    XL:     15   Next: 90%
Magic:  16/17      EV: 14    Int:  5    God:    Okawaru [******]
Gold:   2180       SH: 18    Dex: 16    Spells: 14/14 levels left

rFire    + . .     SeeInvis .   a - +1 double sword (holy)
rCold    + . .     Gourm    .   c - +0 shield
rNeg     . . .     Faith    +   B - +1 plate armour {rF+}
rPois    .         Spirit   .   y - +2 hat
rElec    .         Reflect  .   l - +2 cloak
rCorr    +         Harm     .   U - +0 pair of gloves {Dex+3}
MR       +....                  D - +2 pair of boots {Fly}
Stlth    ..........             A - amulet of faith
HPRegen  0.33/turn              M - ring of resist corrosion
MPRegen  0.15/turn              V - ring of protection from cold

@: about to teleport, afraid, heroism, flying, hasted and slowed, glowing
A: retaliatory headbutt, horns 2
a: Heroism, Finesse, Renounce Religion, Stop Flying


You were on level 3 of the Shoals.
You worshipped Okawaru.
Okawaru was exalted by your worship.
You were not hungry.

You visited 4 branches of the dungeon, and saw 26 of its levels.
You visited the Abyss 1 time.
You also visited: Gauntlet.

You collected 2937 gold pieces.
You spent 757 gold pieces at shops.

Inventory:

Hand Weapons
 a - a +1 double sword of holy wrath (weapon)
 b - a +1 falchion of electrocution
 j - the +12 spear of the World {flame, rF+}
   (Okawaru gifted it to you on level 1 of the Lair of Beasts)

   It has been specially enchanted to burn those struck by it, causing extra
   injury to most foes and up to half again as much damage against particularly
   susceptible opponents.
   It protects you from fire.
 C - a +1 scimitar of flaming
Armour
 c - a +0 shield (worn)
 l - a +2 cloak (worn)
 y - a +2 hat (worn)
 B - a +1 plate armour of fire resistance (worn)
 D - a +2 pair of boots of flying (worn)
 U - a +0 pair of gloves of dexterity (worn)
Jewellery
 m - an uncursed ring of stealth
 A - an amulet of faith (around neck)
 H - an uncursed ring of see invisible
 M - a ring of resist corrosion (left hand)
 V - a ring of protection from cold (right hand)
 Y - an uncursed ring of protection from magic
Wands
 s - a wand of flame (18)
 z - a wand of digging (2)
 K - a wand of polymorph (7)
Scrolls
 e - 10 scrolls of remove curse
 g - 6 scrolls of teleportation
 u - 2 scrolls of noise
 x - 2 scrolls of enchant armour {unknown}
 E - 2 scrolls of blinking
 F - a scroll of holy word
 G - 5 scrolls of magic mapping
 I - 2 scrolls of silence {unknown}
 N - 2 scrolls of random uselessness {unknown}
 P - 4 scrolls of enchant weapon
 S - 3 scrolls of acquirement {unknown}
 T - a scroll of vulnerability {unknown}
Potions
 d - 3 potions of might
 h - a potion of flight
 i - a potion of ambrosia
 n - 2 potions of mutation
 o - 2 potions of heal wounds
 p - 8 potions of curing
 t - a potion of agility
 v - 6 potions of haste
 J - 3 potions of resistance
 L - 3 potions of degeneration {unknown}
 Q - a potion of magic {unknown}
Miscellaneous
 r - a phantom mirror
Comestibles
 f - 38 rations


   Skills:
 + Level 14.2(19.2) Fighting
 + Level 15.9(20.9) Long Blades
 + Level 1.5(6.5) Polearms
 + Level 15.4(20.4) Armour
 + Level 4.5(9.5) Dodging
 + Level 1.4(6.4) Stealth
 + Level 18.9(23.9) Shields
 + Level 4.0 Invocations
 + Level 3.2 Evocations


You had 14 spell levels left.
You didn't know any spells.
Your spell library contained the following spells:

 Spells                   Type           Power        Failure   Level  Hunger
 Beastly Appendage        Tmut           #.....       96%         1    ##.....
 Corona                   Hex            #......      96%         1    ##.....
 Magic Dart               Conj           #...         96%         1    ##.....
 Blink                    Tloc           N/A          99%         2    ###....
 Ensorcelled Hibernation  Hex/Ice        #.....       99%         2    ###....
 Searing Ray              Conj           #.....       99%         2    ###....
 Shroud of Golubria       Chrm/Tloc      #.....       99%         2    ###....
 Sticks to Snakes         Tmut           #.......     99%         2    ###....
 Confuse                  Hex            #.......     100%        3    ####...
 Dazzling Spray           Conj/Hex       #.....       100%        3    ####...
 Gell's Gravitas          Tloc           #.........   100%        3    ####...
 Lesser Beckoning         Tloc           #.........   100%        3    ####...
 Spider Form              Tmut/Pois      #.........   100%        3    ####...
 Teleport Other           Tloc           #.......     100%        3    ####...
 Tukima's Dance           Hex            #.......     100%        3    ####...
 Force Lance              Conj/Tloc      #.......     100%        4    #####..
 Fulminant Prism          Conj/Hex       #.........   100%        4    #####..
 Ice Form                 Ice/Tmut       #.......     100%        4    #####..
 Iskenderun's Mystic Bla  Conj           #.......     100%        4    #####..
 Passage of Golubria      Tloc           N/A          100%        4    #####..
 Blade Hands              Tmut           #.........   100%        5    ######.


Dungeon Overview and Level Annotations

Branches:
Dungeon (15/15)            Temple (0/1) D:7            Lair (6/6) D:11
 Shoals (3/4) Lair:3       Spider (0/4) Lair:4        Slime (0/5) Lair:6
    Orc (2/2) D:9             Elf (0/3) Orc:2        Vaults (0/5) D:14
 Depths (0/5) D:15

Altars:
Ashenzari
Dithmenos
Elyvilon
Fedhas
Makhleb
Okawaru
Ru
Trog
Uskayaw
Vehumet
Xom
Zin
The Shining One
Beogh

Shops:
D:6 (   D:7 *%[}   D:9 (   D:14 %   Orc:2 }*!!*

Annotations:
D:4 2 transporters, Execuda's ghost, novice MiWr
D:7 exclusion: statue


Innate Abilities, Weirdness & Mutations

You reflexively headbutt those who attack you in melee.
You have a pair of horns on your head.


Message History

The faun unwields a +0 quarterstaff.
The faun wields a +0 hunting sling.
The faun shoots a stone.
The stone hits you but does no damage.
You hear a splash.
The satyr shoots an arrow.
The arrow hits you but does no damage.
You hear a splash.
The wind drake bites you.
You wake up.
* * * LOW HITPOINT WARNING * * *
The faun barely misses you.
The wind drake bites you but does no damage.
The faun shoots a stone.
You block the stone.
You hear a splash.
Unknown command.
As you read the scroll of teleportation, it crumbles to dust.
You feel strangely unstable.
The faun no longer looks unusually strong. x2
The satyr shoots an arrow.
The arrow hits you!!
* * * LOW HITPOINT WARNING * * *
You hear a splash.
The faun hits you from afar with a +0 spear!
You die...

≈.≈≈.........≈.....#
≈..≈.≈..........(##
≈≈≈≈≈≈≈≈..........#
≈≈≈≈≈≈≈....≈≈..(.#####
≈≈≈≈≈≈≈≈≈≈≈≈≈(........
≈≈≈≈≈≈≈≈≈≈≈≈≈c≈........
≈≈≈≈≈≈≈≈≈≈≈c≈≈c..≈.....
≈≈≈≈≈≈≈≈≈≈≈≈k≈c≈≈≈≈≈≈≈≈
≈≈≈≈≈≈≈≈≈≈≈≈≈@≈≈≈≈≈≈.≈≈
≈≈≈≈≈≈≈≈≈≈≈≈≈≈≈≈≈≈≈≈.≈≈
≈≈≈≈≈≈≈≈≈≈≈≈≈≈≈≈≈≈≈≈≈≈≈
≈≈≈≈≈≈≈≈≈≈≈≈≈≈≈≈≈≈≈≈≈≈
≈≈≈≈≈≈≈§≈≈≈≈≈≈≈≈≈≈≈≈≈
≈≈≈≈≈≈≈≈≈≈≈≈≈≈≈≈≈≈≈≈≈
≈≈≈≈≈≈≈≈≈≈≈≈≈≈≈≈≈≈≈≈≈
#####################


You could see a satyr, a wind drake and 3 fauns.

Vanquished Creatures
  Louise (Shoals:1)
  An orc warlord (D:9)
  A cacodemon (Gauntlet)
  A minotaur (Gauntlet)
  A merfolk impaler (Shoals:2)
  A fire dragon (Lair:6)
  Harold (D:9)
  The ghost of mopl the Martial Artist, a journeyman SpTm of Cheibriados (Lair:6)
  4 vault guards (D:14)
  An ice dragon (Lair:2)
  The ghost of mopl the Cleaver, a journeyman DsFi of Makhleb (D:13)
  2 merfolk avatars
  A yaktaur captain (D:15)
  4 hydras
  5 centaur warriors
  3 two-headed ogres
  An alligator snapping turtle (Shoals:1)
  A death knight (D:12)
  13 death yaks
  2 tengu warriors
  5 skeletal warriors (D:12)
  An unseen horror (D:15)
  3 sea snakes
  A swamp dragon (Lair:6)
  3 orc knights
  4 harpies (Shoals:1)
  A wolf spider (Lair:6)
  A deep elf mage (D:11)
  2 oklob plants
  4 orc sorcerers
  3 cyclopes
  10 slime creatures
  A manticore (Shoals:2)
  8 black mambas
  A merfolk siren (Shoals:2)
  2 water nymphs
  4 gargoyles
  A guardian serpent (Lair:6)
  A torpor snail (Lair:5)
  4 rime drakes
  18 spiny frogs
  A kobold demonologist (D:11)
  An efreet (D:15)
  A yaktaur (D:15)
  6 komodo dragons
  5 tengu conjurers
  5 jumping spiders (Lair:4)
  9 trolls
  3 blink frogs (Lair:2)
  4 hornets
  4 wind drakes
  7 merfolk
  7 snapping turtles
  10 hippogriffs
  5 centaur simulacra
  3 redbacks
  3 water elementals
  48 yaks
  A wraith (D:7)
  2 vampires
  7 wyverns
  2 steam dragons
  3 basilisks
  2 hungry ghosts
  A human (D:8)
  A neqoxec (Gauntlet)
  A warg (Orc:2)
  2 vampire mosquitoes (D:15)
  3 acid dragons (Lair:6)
  31 water moccasins
  A soldier ant (D:14)
  4 small abominations (Abyss:2)
  7 porcupines
  A meliai simulacrum (D:13)
  4 ice beasts
  52 orc warriors
  A swamp drake (Lair:6)
  3 sky beasts
  2 black bears
  An eye of draining (shapeshifter) (D:14)
  A necrophage (D:8)
  13 ogres
  A phantom (D:9)
  5 boggarts (D:14)
  6 wolves
  19 centaurs
  7 crocodiles
  11 bullfrogs
  A gnoll sergeant (D:13)
  2 scorpions
  6 killer bees (D:10)
  An oklob sapling (D:12)
  14 wights
  9 electric eels
  3 howler monkeys (D:9)
  7 jellies
  A bullfrog zombie (D:8)
  A quasit (D:7)
  8 crimson imps
  11 hounds
  12 orc priests
  3 bullfrog skeletons
  4 centaur skeletons
  An iron imp (Abyss:2)
  10 worker ants
  6 hell rats (Lair:2)
  7 iguanas
  24 orc wizards
  A bullfrog simulacrum (D:13)
  A hound skeleton (D:5)
  A howler monkey skeleton (D:5)
  7 gnolls
  16 adders
  3 shadow imps
  2 ufetubi (D:13)
  4 oozes (Lair:6)
  An adder zombie (D:6)
  2 worms
  3 leopard geckos
  91 orcs
  10 ball pythons
  3 bats
  3 giant cockroaches
  2 hobgoblins (D:1)
  12 jackals
  3 quokkas
  2 frilled lizards
  6 goblins
  5 kobolds
  A leopard gecko skeleton (D:4)
  A quokka skeleton (D:4)
  2 quokka zombies
  3 rats
  A fungus (Lair:1)
  10 plants
768 creatures vanquished.

Vanquished Creatures (others)
  A swamp drake (Lair:6)
  An iguana (Lair:6)
  A quokka (D:6)
  6 fungi (Lair:6)
  A lurking horror (Abyss:2)
  16 plants
26 creatures vanquished.

Grand Total: 794 creatures vanquished

Notes
Turn   | Place    | Note
-------+----------+-------------------------------------------
     0 | D:1      | Peloso the Minotaur Fighter began the quest for the Orb.
     0 | D:1      | Reached XP level 1. HP: 19/19 MP: 0/0
   125 | D:1      | Reached skill level 4 in Shields
   144 | D:1      | Reached XP level 2. HP: 27/27 MP: 1/1
   766 | D:2      | Reached XP level 3. HP: 28/33 MP: 2/2
  1463 | D:3      | Found a blossoming altar of Fedhas.
  1741 | D:4      | Noticed an orc warrior
  1744 | D:4      | Noticed a scorpion
  2464 | D:4      | Killed an orc warrior
  2464 | D:4      | Reached XP level 4. HP: 39/40 MP: 3/3
  2468 | D:4      | Reached skill level 5 in Armour
  2468 | D:4      | Reached XP level 5. HP: 45/46 MP: 4/4
  2724 | D:4      | Noticed an ogre
  2735 | D:4      | Killed an ogre
  2735 | D:4      | Reached skill level 5 in Shields
  2735 | D:4      | Reached XP level 6. HP: 45/53 MP: 5/5
  2805 | D:4      | Reached skill level 1 in Dodging
  2923 | D:3      | Reached skill level 5 in Long Blades
  3196 | D:4      | Found a transporter.
  3198 | D:4      | Found a transporter.
  3199 | D:4      | Noticed Execuda's ghost (novice MiWr)
  3543 | D:5      | Entered Level 5 of the Dungeon
  3568 | D:5      | Reached XP level 7. HP: 36/60 MP: 6/6
  3675 | D:5      | Reached skill level 5 in Fighting
  4612 | D:6      | Reached skill level 6 in Shields
  4612 | D:6      | Reached XP level 8. HP: 44/69 MP: 7/7
  4695 | D:6      | Found an iron altar of Okawaru.
  4709 | D:6      | Became a worshipper of Warmaster Okawaru
  4752 | D:6      | Found Cetiah's Antique Weapon Shoppe.
  5105 | D:6      | Found a burning altar of Makhleb.
  5690 | D:6      | Reached skill level 7 in Shields
  6851 | D:7      | Reached skill level 1 in Evocations
  6873 | D:7      | Found Ozeonemu's Armour Shoppe.
  6877 | D:7      | Noticed a hippogriff
  6894 | D:7      | Killed a hippogriff
  6894 | D:7      | Reached * piety under Okawaru
  7211 | D:7      | Reached ** piety under Okawaru
  7211 | D:7      | Reached XP level 9. HP: 52/75 MP: 9/9
  7365 | D:7      | Found a radiant altar of Vehumet.
  7415 | D:7      | Found Iriat's General Store.
  7824 | D:7      | Bought a scroll of blinking for 90 gold pieces
  7824 | D:7      | Bought a potion of curing for 36 gold pieces
  7916 | D:7      | Found a staircase to the Ecumenical Temple.
  7959 | D:7      | Found Anyango's Gadget Emporium.
  8026 | D:7      | Reached skill level 8 in Shields
  8215 | D:7      | Found Mumoqaq's Food Shop.
  8734 | D:8      | Reached skill level 10 in Long Blades
  8803 | D:8      | Found a shattered altar of Ashenzari.
  8807 | D:8      | Found a shimmering altar of Xom.
  8858 | D:8      | Found a white marble altar of Elyvilon.
  8861 | D:8      | Found a glowing golden altar of the Shining One.
  8862 | D:8      | Found a sacrificial altar of Ru.
  8868 | D:8      | Found a shadowy altar of Dithmenos.
  9187 | D:7      | Bought a +2 pair of boots of flying for 279 gold pieces
  9341 | D:9      | Reached *** piety under Okawaru
  9455 | D:9      | Found a staircase to the Orcish Mines.
  9611 | D:9      | Reached skill level 9 in Shields
  9611 | D:9      | Reached XP level 10. HP: 86/86 MP: 7/10
  9692 | D:9      | Found Eceiva's Antique Weapon Shop.
  9750 | D:9      | Noticed Harold
  9770 | D:9      | Killed Harold
  9956 | D:10     | Entered Level 10 of the Dungeon
  9982 | D:10     | Noticed a gargoyle
  9995 | D:10     | Killed a gargoyle
 10127 | D:10     | Reached **** piety under Okawaru
 10127 | D:10     | Reached skill level 10 in Shields
 10127 | D:10     | Reached skill level 1 in Invocations
 10463 | D:10     | Noticed a two-headed ogre
 10486 | D:10     | Killed a two-headed ogre
 10843 | D:10     | Reached XP level 11. HP: 95/95 MP: 8/11
 11328 | D:11     | Found a staircase to the Lair.
 11591 | D:11     | Noticed a deep elf mage
 11604 | D:11     | Killed a deep elf mage
 11903 | D:11     | Reached ***** piety under Okawaru
 11903 | D:11     | Reached skill level 11 in Shields
 12254 | D:11     | Reached skill level 10 in Armour
 12498 | D:11     | Noticed a two-headed ogre
 12507 | D:11     | Killed a two-headed ogre
 12507 | D:11     | Received a gift from Okawaru
 12757 | Lair:1   | Entered Level 1 of the Lair of Beasts
 14451 | Lair:1   | Reached skill level 12 in Shields
 14647 | Lair:1   | Received a gift from Okawaru
 14650 | Lair:1   | Got a fine spear {god gift}
 14651 | Lair:1   | Identified the +12 spear of the World {flame, rF+} (Okawaru
                  | gifted it to you on level 1 of the Lair of Beasts)
 15133 | Lair:2   | Reached skill level 10 in Fighting
 15138 | Lair:2   | Reached XP level 12. HP: 93/106 MP: 12/12
 15840 | Lair:2   | Noticed an ice dragon
 15875 | Lair:2   | Killed an ice dragon
 16482 | Lair:3   | Reached skill level 1 in Stealth
 16927 | Lair:3   | Reached skill level 13 in Shields
 16939 | Lair:3   | Reached ****** piety under Okawaru
 17195 | Lair:3   | Noticed a death yak
 17232 | Lair:3   | Killed a death yak
 17278 | Lair:3   | Noticed a death yak
 17278 | Lair:3   | Noticed a death yak
 17281 | Lair:3   | Noticed a death yak
 17292 | Lair:3   | Noticed a death yak
 17334 | Lair:2   | Killed a death yak
 17343 | Lair:3   | Noticed a death yak
 17366 | Lair:2   | Killed a death yak
 17366 | Lair:2   | Received a gift from Okawaru
 17380 | Lair:2   | Killed a death yak
 17403 | Lair:3   | Killed a death yak
 17413 | Lair:3   | Killed a death yak
 17704 | Lair:3   | Found a glowing silver altar of Zin.
 17825 | Lair:3   | Found a staircase to the Shoals.
 18625 | D:12     | Noticed a death knight
 18636 | D:12     | Killed a death knight
 18636 | D:12     | Reached skill level 14 in Shields
 19124 | D:12     | Reached XP level 13. HP: 102/116 MP: 14/14
 19175 | D:12     | Paralysed by a hornet for 1 turns
 20004 | D:12     | Received a gift from Okawaru
 20070 | D:13     | Found a runed translucent gate.
 20070 | D:13     | Found a runed translucent gate.
 20071 | D:13     | Found a runed translucent gate.
 20073 | D:13     | Noticed mopl's ghost (journeyman DsFi)
 20075 | D:13     | Identified the +4 chain mail of the Crown {*Corrode rElec
                  | Int+2}
 20957 | D:13     | Identified the +0 leather armour of Fortitude {rC++ MR-
                  | Int-2 Dex+9}
 20964 | D:13     | Found a roughly hewn altar of Beogh.
 21971 | Orc:1    | Entered Level 1 of the Orcish Mines
 21975 | Orc:1    | Noticed an orc warlord
 21991 | D:9      | Reached skill level 15 in Shields
 22077 | D:9      | Paralysed by an orc sorcerer for 4 turns
 22234 | D:9      | Killed an orc warlord
 22963 | Orc:2    | Entered Level 2 of the Orcish Mines
 23438 | Lair:3   | Received a gift from Okawaru
 23970 | Lair:4   | Reached XP level 14. HP: 115/126 MP: 15/15
 23988 | Lair:4   | Found a hole to the Spider Nest.
 24590 | Lair:5   | Reached skill level 16 in Shields
 25537 | Lair:6   | Entered Level 6 of the Lair of Beasts
 25704 | Lair:6   | Found a staircase to the Slime Pits.
 26001 | Lair:6   | Reached skill level 15 in Long Blades
 26828 | Lair:6   | Reached skill level 1 in Polearms
 26996 | Lair:6   | Found a runed translucent door.
 26996 | Lair:6   | Noticed mopl's ghost (journeyman SpTm)
 27193 | Lair:6   | Received a gift from Okawaru
 29210 | Lair:6   | Killed mopl's ghost
 29210 | Lair:6   | Reached skill level 17 in Shields
 29421 | D:14     | Found Ecisuexo's Food Shoppe.
 29564 | D:14     | Found a gate leading to a gauntlet.
 29569 | Gauntlet | Entered a Gauntlet
 29569 | Gauntlet | Found a transporter.
 29569 | Gauntlet | Found a transporter.
 29989 | Gauntlet | Found a transporter.
 29990 | Gauntlet | Found a transporter.
 29991 | Gauntlet | Found a large runed translucent door.
 29992 | Gauntlet | Found a large runed translucent door.
 29993 | Gauntlet | Found a large runed translucent door.
 29993 | Gauntlet | Found a large runed translucent door.
 29993 | Gauntlet | Found a runed translucent door.
 29994 | Gauntlet | Found a large runed translucent door.
 29994 | Gauntlet | Found a runed translucent door.
 29995 | Gauntlet | Found a large runed translucent door.
 29995 | Gauntlet | Found a large runed translucent door.
 29995 | Gauntlet | Found a large runed translucent door.
 29995 | Gauntlet | Found a large runed translucent door.
 29995 | Gauntlet | Found a large runed translucent door.
 29996 | Gauntlet | Found a large runed translucent door.
 29996 | Gauntlet | Found a large runed translucent door.
 29996 | Gauntlet | Found a large runed translucent door.
 29996 | Gauntlet | Found a large runed translucent door.
 29997 | Gauntlet | Found a large runed translucent door.
 30003 | Gauntlet | Found a transporter.
 30015 | Gauntlet | Found a runed translucent gate.
 30015 | Gauntlet | Found a runed translucent gate.
 30019 | Gauntlet | Found a transporter.
 30026 | Gauntlet | Found a transporter.
 30026 | Gauntlet | Noticed a cacodemon
 30027 | Gauntlet | Found a transporter.
 30027 | Gauntlet | Found a transporter.
 30027 | Gauntlet | Found a runed translucent gate.
 30030 | Gauntlet | Found a large runed translucent door.
 30032 | Gauntlet | Found a transporter.
 30123 | Gauntlet | Found a transporter.
 30137 | Gauntlet | Found a transporter.
 30240 | Gauntlet | Found a transporter.
 30254 | Gauntlet | Found a transporter.
 30271 | Gauntlet | Found a transporter.
 30284 | Gauntlet | Found a transporter.
 30624 | Gauntlet | Killed a cacodemon
 30633 | Gauntlet | Got a shimmering amethyst amulet
 30636 | Gauntlet | Identified the amulet "Wiadeqek" {Inacc Str+3} (You found
                  | it in a Gauntlet)
 31153 | Gauntlet | Identified the +6 great mace "Cimo" {freeze, Dex+2}
 32083 | D:14     | Found a hide-covered altar of Uskayaw.
 32193 | D:14     | Found a gate to the Vaults.
 32212 | D:14     | Reached XP level 15. HP: 128/136 MP: 14/16
 32393 | D:14     | Received a gift from Okawaru
 34281 | Orc:2    | Found Vuiceun's Assorted Antiques.
 34293 | Orc:2    | Bought a scroll of blinking for 232 gold pieces
 34438 | Orc:2    | Reached skill level 18 in Shields
 34802 | Orc:2    | Found a bloodstained altar of Trog.
 34848 | Orc:2    | Found a staircase to the Elven Halls.
 35009 | Orc:2    | Found Wafuif's General Store.
 35009 | Orc:2    | Found Yraacuof's Distillery.
 35009 | Orc:2    | Found Bukoajuu's Distillery.
 35012 | Orc:2    | Found Hogitwor's Gadget Shoppe.
 35016 | Orc:2    | Bought a potion of mutation for 120 gold pieces
 35811 | D:15     | Entered Level 15 of the Dungeon
 36004 | D:15     | Reached skill level 15 in Armour
 36279 | D:15     | Found a staircase to the Depths.
 36835 | D:13     | Killed mopl's ghost
 37057 | Lair:2   | Received a gift from Okawaru
 37431 | Shoals:1 | Entered Level 1 of the Shoals
 38460 | Shoals:1 | Noticed Louise
 38468 | Shoals:1 | Cast into level 2 of the Abyss (Louise)
 38614 | Shoals:1 | Escaped the Abyss
 38624 | Shoals:1 | Killed Louise
 40320 | Shoals:2 | Received a gift from Okawaru
 41095 | Shoals:3 | Slain by a faun

Levels and vault maps discovered:
D:1:      ebering_hopf_link, layout_basic, st_stairs_14
D:2:      layout_basic
D:3:      layout_loops_corners, fedhas_altar_fruit_tree, minmay_door_square,
          minmay_liquid_box, minmay_misc_feat_cross, minmay_stone_trees_small,
          hex_medium
D:4:      layout_loops_cross, gammafunk_ghost_mausoleum, first_ration,
          kennysheep_another_room, hangedman_decor_diamond_cutter
D:5:      layout_basic
D:6:      layout_layer_cave, makhleb_grotto_becter, okawaru_trees_2,
          serial_shops, shop, kennysheep_cluttered_room
D:7:      layout_gridville, vehumet_statue, minmay_temple_entry_stoned_glass,
          serial_shops, shop, kennysheep_little_box, shop, shop,
          palyth_stone_intersect, minmay_starry_boxes
D:8:      layout_loops_cross, grunt_temple_overflow_open, minitemple,
          grunt_pizzeria
D:9:      layout_loops_ring, david_orc_2, serial_shops,
          nicolae_shop_overgrown_old_shop, uniq_harold
D:10:     layout_basic
D:11:     cheibrodos_barr_body, layout_loops_corners, david_lair_shrubbed
D:12:     layout_stronghold, st_stairs_10, introduction_to_nature_1
D:13:     layout_long_grid, serial_ice, serial_ice_l, serial_ice_h,
          serial_ice_f, serial_ice_d, serial_ice_c, serial_ice_n, serial_ice_o,
          serial_ice_e, biasface_ghost_orc_armoury, serial_bayou_lagoon_b
D:14:     layout_cave_pools, lightli_vaults_fourway_checkpoint,
          gauntlet_entry_generic, serial_shops, shop, lemuel_doored_altar
D:15:     grunt_enter_depths_snipers, layout_cave_pods,
          hangedman_abyss_or_decor_passed
Lair:1:   layout_cave_pods
Lair:2:   dragon1_lemuel, layout_hall_layers, minmay_lair_oklob_chamber,
          lemuel_fruit_tree
Lair:3:   layout_chaotic_city, minmay_shoals_entry_hut, basic_altar,
          cheibrodos_lair_reptile_den
Lair:4:   layout_hall_layers, nicolae_spider_entry_tight_spaces,
          lemuel_fruit_fields
Lair:5:   layout_layer_cave, serial_bayou_lake_a, grunt_megastairs_2,
          lemuel_fruit_fields
Lair:6:   hangedman_lair_tendril_chambers, layout_loops_ring,
          guppyfry_lair_end_dragon, nicolae_slime_entry_slimehenge,
          ebering_ghost_inner_flame, serial_rivers,
          chequers_serial_rivers_room_b, chequers_serial_rivers_small_3,
          chequers_serial_rivers_large_a, chequers_serial_rivers_room_b,
          chequers_serial_rivers_room_b, chequers_serial_rivers_small_a
Shoals:1: layout_shoals, uniq_louise
Shoals:2: layout_shoals
Shoals:3: layout_shoals, uniq_ilsuiw
Orc:1:    layout_caves
Orc:2:    st_orc_rangers, layout_caves, serial_shops, nicolae_shop_trees,
          trog_book

Skill      XL: |  1  2  3  4  5  6  7  8  9 10 11 12 13 14 15 |
---------------+----------------------------------------------+-----
Shields        | 4 5 6 7 9 10 12 14 15 17 18 | 18.9
Fighting       | 4 5 6 7 8 10 11 12 13 14 | 14.2
Armour         | 4 5 6 8 9 11 13 14 15 | 15.4
Long Blades    | 3 4 5 7 8 10 12 13 14 15 | 15.9
Dodging        | 1 2 3 4 |  4.5
Evocations     | 2 3 |  3.2
Invocations    | 1 2 3 4 |  4.0
Stealth        | 1 |  1.4
Polearms       | 1 |  1.5

Action                   |  1- 3 |  4- 6 |  7- 9 | 10-12 | 13-15 || total
-------------------------+-------+-------+-------+-------+-------++-------
Melee: Long sword        |    90 |    56 |   448 |   604 |       ||  1198
       Headbutt          |     9 |    12 |   101 |   261 |   602 ||   985
       Falchion          |       |       |       |   358 |  1690 ||  2048
       Spear             |       |       |       |       |    28 ||    28
       Scimitar          |       |       |       |       |   351 ||   351
       Double sword      |       |       |       |       |    62 ||    62
Invok: Heroism           |       |       |     4 |    26 |    30 ||    60
       Finesse           |       |       |       |     1 |     5 ||     6
Evoke: Wand              |       |     2 |    14 |    14 |     6 ||    36
  Use: Potion            |     3 |       |     1 |     3 |     5 ||    12
       Scroll            |     7 |       |     4 |     4 |    15 ||    30
  Eat: Chunk             |     1 |     3 |    10 |    21 |    68 ||   103
       Ration            |     1 |       |     3 |     3 |     1 ||     8
Armor: Scale mail        |    62 |     1 |       |       |       ||    63
       Plate armour      |       |    29 |   208 |   334 |   817 ||  1388
Dodge: Dodged            |    37 |     9 |   110 |   277 |   592 ||  1025
Block: Shield            |    65 |    24 |   237 |   565 |  1436 ||  2327
       Rpst.: Long sword |     9 |     2 |    21 |    42 |       ||    74
       Falchion          |       |       |       |    19 |    97 ||   116
       Scimitar          |       |       |       |       |    19 ||    19
       Double sword      |       |       |       |       |     1 ||     1

Table legend:
 A = Non-vault XP
 B = Vault XP
 C = Vault XP percentage of total XP
 D = Non-vault monster count
 E = Vault monster count
 F = Vault count percentage of total count
                 A         B        C        D         E       F
            +---------+---------+-------+---------+---------+-------
      Total |   96687 |   51589 |  34.8 |     549 |     209 |  27.6
            +---------+---------+-------+---------+---------+-------
        D:1 |      25 |       1 |   3.8 |      16 |       1 |   5.9
        D:2 |      15 |       0 |   0.0 |       6 |       0 |   0.0
        D:3 |     274 |       0 |   0.0 |      10 |       0 |   0.0
        D:4 |     379 |       0 |   0.0 |      11 |       0 |   0.0
        D:5 |     534 |       0 |   0.0 |      20 |       0 |   0.0
        D:6 |     847 |      50 |   5.6 |      19 |       1 |   5.0
        D:7 |    1280 |     203 |  13.7 |      15 |       4 |  21.1
        D:8 |     883 |     182 |  17.1 |      19 |       1 |   5.0
        D:9 |    5485 |    1198 |  17.9 |      37 |       8 |  17.8
       D:10 |    4311 |       0 |   0.0 |      44 |       0 |   0.0
       D:11 |    2542 |    2923 |  53.5 |      10 |      14 |  58.3
       D:12 |    7345 |    2134 |  22.5 |      26 |      21 |  44.7
       D:13 |    5607 |    2914 |  34.2 |      26 |      21 |  44.7
       D:14 |    7077 |    5640 |  44.4 |      41 |      12 |  22.6
       D:15 |    6129 |    2285 |  27.2 |      15 |       3 |  16.7
     Lair:1 |    1548 |       0 |   0.0 |       7 |       0 |   0.0
     Lair:2 |    7705 |    1557 |  16.8 |      30 |       2 |   6.2
     Lair:3 |   12996 |     627 |   4.6 |      37 |       8 |  17.8
     Lair:4 |    2074 |    1991 |  49.0 |       9 |       7 |  43.8
     Lair:5 |    3967 |     239 |   5.7 |      19 |       2 |   9.5
     Lair:6 |    3852 |   14924 |  79.5 |      12 |      55 |  82.1
   Shoals:1 |    6397 |    1705 |  21.0 |      14 |       1 |   6.7
   Shoals:2 |    7025 |       0 |   0.0 |      16 |       0 |   0.0
   Shoals:3 |    2784 |       0 |   0.0 |       6 |       0 |   0.0
      Orc:1 |    3586 |    3866 |  51.9 |      47 |      18 |  27.7
      Orc:2 |    1455 |    2898 |  66.6 |      32 |      22 |  40.7
    Abyss:2 |     565 |       0 |   0.0 |       5 |       0 |   0.0
   Gauntlet |       0 |    6252 | 100.0 |       0 |       8 | 100.0
            +---------+---------+-------+---------+---------+-------
